 Dungeon Crawl Stone Soup version 0.19.0 (webtiles) character file.

722 lorenzova the Covert (level 7, -5/32 HPs)
             Began as a Spriggan Enchanter on Nov 1, 2016.
             Slain by appiemonkey's ghost (18 damage)
             ... on level 5 of the Dungeon.
             The game lasted 00:15:52 (5656 turns).

lorenzova the Covert (Spriggan Enchanter)           Turns: 5656, Time: 00:15:53

Health: -5/32      AC:  3    Str:  4    XL:     7   Next: 43%
Magic:  16/17      EV: 21    Int: 17    God:
Gold:   308        SH:  0    Dex: 18    Spells: 3 memorised, 12 levels left

rFire  . . .     SeeInvis +     a - +2 dagger
rCold  . . .     Gourm    .     b - +1 robe
rNeg   . . .     Faith    .     (shield restricted)
rPois  .         Spirit   .     u - +0 hat
rElec  .         Reflect  .     (no cloak)
rCorr  .         Harm     .     (gloves unavailable)
MR     +....                    (boots unavailable)
Stlth  ++++......               k - amulet of magic regeneration
                                y - ring of flight
                                f - +3 ring of evasion

@: very quick
A: unfitting armour, see invisible, herbivore 3, speed 3, slow metabolism 2
a: Evoke Flight


You were on level 5 of the Dungeon.
You were not hungry.

You visited 1 branch of the dungeon, and saw 5 of its levels.
You also visited: Sewer.

You collected 308 gold pieces.

Inventory:

Hand Weapons
 a - a +2 dagger (weapon)
Armour
 b - a +1 robe (worn)
 u - a +0 hat (worn)
Rods
 G - a -3 rod of shadows (12/12)
   (You found it on level 5 of the Dungeon)
Jewellery
 f - a +3 ring of evasion (left hand)
 k - an amulet of magic regeneration (around neck)
 y - a ring of flight (right hand)
Scrolls
 e - 3 scrolls of teleportation {unknown}
 h - 6 scrolls of identify {unknown}
 m - a scroll of enchant armour {unknown}
 n - a scroll of remove curse {unknown}
 p - 3 scrolls of enchant weapon
 s - 2 scrolls of magic mapping {unknown}
 x - a scroll of random uselessness {unknown}
 A - a scroll of fear {unknown}
 C - a scroll of noise {unknown}
 D - 2 scrolls of amnesia {unknown}
 H - a scroll of blinking {unknown}
Potions
 g - a potion of beneficial mutation {unknown}
 i - 2 potions of brilliance {unknown}
 l - 2 potions of curing {unknown}
 o - 2 potions of haste {unknown}
 r - 3 potions of might {unknown}
 t - 2 potions of magic {unknown}
 v - a potion of berserk rage {unknown}
 z - a potion of lignification {unknown}
 B - 2 potions of agility {unknown}
 E - a potion of heal wounds {unknown}
 F - 2 potions of degeneration {unknown}
Books
 c - a book of Maledictions

   Spells                             Type                      Level
   a - Corona                         Hexes                        1
   b - Ensorcelled Hibernation        Hexes/Ice                    2
   c - Confuse                        Hexes                        3
   d - Tukima's Dance                 Hexes                        3
   e - Dazzling Spray                 Conjuration/Hexes            3
 q - a book of Minor Magic

   Spells                             Type                      Level
   a - Magic Dart                     Conjuration                  1
   b - Blink                          Translocation                2
   c - Call Imp                       Summoning                    2
   d - Repel Missiles                 Charms/Air                   2
   e - Slow                           Hexes                        2
   f - Conjure Flame                  Conjuration/Fire             3
   g - Mephitic Cloud                 Conjuration/Poison/Air       3
 w - a book of Cantrips

   Spells                             Type                      Level
   a - Confusing Touch                Hexes                        1
   b - Animate Skeleton               Necromancy                   1
   c - Summon Small Mammal            Summoning                    1
   d - Apportation                    Translocation                1
Comestibles
 d - 2 bread rations
 j - 2 fruits


   Skills:
 - Level 1.1 Short Blades
 - Level 3.0 Dodging
 + Level 8.4 Stealth
 + Level 6.3 Spellcasting
 + Level 6.8 Hexes


You had 12 spell levels left.
You knew the following spells:

 Your Spells              Type           Power        Failure   Level  Hunger
a - Corona                Hex            ####...      1%          1    None
b - Ensorcelled Hibernat  Hex/Ice        ###...       4%          2    None
c - Confuse               Hex            ####....     2%          3    ##.....


Dungeon Overview and Level Annotations

Branches:
Dungeon (5/15)
 Temple: D:4-7

Altars:
Fedhas
Makhleb
Okawaru
Sif Muna
Uskayaw
Zin
The Shining One

Shops:
D:4 *

Annotations:
D:5 appiemonkey's ghost, novice MiFi


Innate Abilities, Weirdness & Mutations

You are very small and have problems with some larger weapons.
You are too small for most types of armour.
You have supernaturally acute eyesight. (SInv)
You are a herbivore.
You cover ground extremely quickly.
You need consume almost no food.


Message History

Appiemonkey's ghost is moderately damaged.
You hit appiemonkey's ghost.
Appiemonkey's ghost is moderately damaged.
Appiemonkey's ghost seems less confused.
Appiemonkey's ghost ripples.
Appiemonkey's ghost barely misses you.
You hit appiemonkey's ghost but do no damage.
Appiemonkey's ghost is moderately damaged.
Appiemonkey's ghost hits you!
You hit appiemonkey's ghost.
Appiemonkey's ghost is moderately damaged.
Appiemonkey's ghost hits you.
You barely miss appiemonkey's ghost.
Appiemonkey's ghost is moderately damaged.
Appiemonkey's ghost completely misses you.
You barely miss appiemonkey's ghost.
Appiemonkey's ghost is moderately damaged.
Appiemonkey's ghost hits you!!
Ouch! That really hurt!
You die...

.)......#####.# #.#..#.≈≈≈.#
##............. #.#..#.≈≈≈.#
.....#...#...## #.#..#..≈..#
...>.#.#....... ##.##...##
#...#..#..## ## #..#...# ..#
......<..## #####..##.##...#
......###########.......#.#.....
).#<####..........###..........#
................@W..............#
############....................§
# #########....#.#...... #
#...##.##...## # #...#... ...# #
#..##...##..# #..# ≈§§ .# #..# .#
#..#


You could see appiemonkey's ghost.

Vanquished Creatures
  Sigmund (D:2)
  An ice beast (D:3)
  A hound (D:5)
  2 orc priests (D:4)
  2 worker ants
  An iguana (D:4)
  A worker ant zombie (D:5)
  6 gnolls
  9 adders
  2 river rats
  An ooze (D:2)
  8 worms
  A dart slug (D:2)
  3 leopard geckos
  12 orcs
  6 bats
  9 giant cockroaches
  5 hobgoblins
  4 quokkas
  5 ball pythons
  6 frilled lizards
  6 goblins
  A jackal skeleton (D:4)
  11 kobolds
  A leopard gecko skeleton (D:3)
  12 rats
117 creatures vanquished.

Notes
Turn   | Place    | Note
-------+----------+-------------------------------------------
     0 | D:1      | lorenzova the Spriggan Enchanter began the quest for the Orb.
     0 | D:1      | Reached XP level 1. HP: 9/9 MP: 5/5
   363 | D:1      | Reached XP level 2. HP: 7/13 MP: 7/7
   367 | D:1      | Learned a level 2 spell: Ensorcelled Hibernation
   592 | D:1      | Reached skill level 5 in Stealth
   961 | D:2      | Reached XP level 3. HP: 14/16 MP: 8/8
   966 | D:2      | Learned a level 3 spell: Confuse
   982 | D:2      | Noticed a dagger
   983 | D:2      | Noticed a dagger
   986 | D:2      | Found a hide-covered altar of Uskayaw.
  1376 | D:2      | Noticed Sigmund
  1384 | D:2      | Killed Sigmund
  1384 | D:2      | Reached skill level 6 in Stealth
  1384 | D:2      | Reached skill level 5 in Hexes
  1384 | D:2      | Reached XP level 4. HP: 21/21 MP: 7/11
  1384 | D:2      | Reached XP level 5. HP: 24/24 MP: 8/13
  1480 | D:2      | You fall through a shaft for 2 floors!
  1514 | D:4      | Found a glowing golden altar of the Shining One.
  1515 | D:4      | Reached skill level 7 in Stealth
  1515 | D:4      | Reached XP level 6. HP: 28/28 MP: 14/14
  1564 | D:4      | Reached skill level 5 in Spellcasting
  1621 | D:4      | Found Zin's Purification Station.
  1624 | D:4      | Found a glowing silver altar of Zin.
  2126 | D:3      | Noticed an ice beast
  2142 | D:3      | Killed an ice beast
  2364 | D:3      | Found a glowing drain.
  2371 | Sewer    | Entered a sewer
  3143 | D:3      | Found a blossoming altar of Fedhas.
  3180 | D:2      | Found a deep blue altar of Sif Muna.
  3435 | D:2      | Reached XP level 7. HP: 32/32 MP: 16/16
  4347 | D:4      | Reached skill level 8 in Stealth
  4673 | D:5      | Entered Level 5 of the Dungeon
  4757 | D:5      | Found an iron altar of Okawaru.
  4789 | D:5      | Noticed appiemonkey's ghost (novice MiFi)
  5194 | D:5      | Found a burning altar of Makhleb.
  5656 | D:5      | Slain by appiemonkey's ghost

Skill      XL: |  1  2  3  4  5  6  7 |
---------------+----------------------+-----
Spellcasting   | 3 4 5 6 |  6.3
Stealth        | 5 6 7 8 |  8.4
Hexes          | 4 5 6 |  6.8
Short Blades   | |  1.1
Dodging        | |  3.0

Action                   |  1- 3 |  4- 6 |  7- 9 || total
-------------------------+-------+-------+-------++-------
Melee: Dagger            |   100 |   226 |    98 ||   424
 Cast: Ensorcelled Hiber |    13 |    28 |    22 ||    63
       Confuse           |     2 |    10 |    32 ||    44
  Use: Scroll            |       |     1 |       ||     1
 Stab: Sleeping          |    18 |    28 |    16 ||    62
       Distracted        |     1 |       |       ||     1
       Confused          |     3 |     3 |    11 ||    17
  Eat: Royal jelly       |       |     1 |       ||     1
       Fruit             |       |       |     2 ||     2
       Bread ration      |       |       |     1 ||     1
Armor: Robe              |    12 |    18 |     5 ||    35
Dodge: Dodged            |   102 |   164 |    78 ||   344
